 Dungeon Crawl Stone Soup version 0.21.0-3-g78d12a8 (webtiles) character file.

11238 Faca the Archer (level 11, -6/89 HPs)
             Began as a Centaur Hunter on Jan 14, 2018.
             Was a High Priest of Okawaru.
             Mangled by a black mamba (18 damage)
             ... on level 2 of the Lair of Beasts on Jan 15, 2018.
             The game lasted 00:44:06 (20571 turns).

Faca the Archer (Centaur Hunter)                   Turns: 20571, Time: 00:44:07

Health: -6/89      AC: 13    Str: 15    XL:     11   Next: 46%
Magic:  11/11      EV:  9    Int: 10    God:    Okawaru [*****.]
Gold:   533        SH:  0    Dex: 13    Spells: 10/10 levels left

rFire    . . .     SeeInvis .   m - +1 trident
rCold    + + .     Gourm    .   (no shield)
rNeg     . . .     Faith    .   b - +2 leather armour {rC+}
rPois    +         Spirit   .   q - +1 helmet
rElec    .         Reflect  .   o - +2 cloak {rPois}
rCorr    .         Harm     .   (no gloves)
MR       .....                  (no barding)
Stlth    +.........             (no amulet)
HPRegen  0.24/turn              u - +2 ring of slaying
MPRegen  0.12/turn              A - ring of protection from cold

@: very quick
A: large, hooves 3, deformed body, speed 2, tough skin 3
a: Heroism, Finesse, Renounce Religion


You were on level 2 of the Lair of Beasts.
You worshipped Okawaru.
Okawaru was extremely pleased with you.
You were not hungry.

You visited 3 branches of the dungeon, and saw 12 of its levels.

You collected 533 gold pieces.

Inventory:

Hand Weapons
 a - a +1 shortbow
 m - a +1 trident (weapon)
 n - a +0 longbow
 y - the +11 mace "Pyarus" {speed, rElec Int+4}
   (You found it on level 7 of the Dungeon)

   Attacks with this weapon are significantly faster.
   It affects your intelligence (+4).
   It insulates you from electricity.
Missiles
 d - 303 arrows
 z - a throwing net (quivered)
Armour
 b - a +2 leather armour of cold resistance (worn)
 o - a +2 cloak of poison resistance (worn)
 q - a +1 helmet (worn)
Jewellery
 j - an uncursed amulet of faith {unknown}
 u - a +2 ring of slaying (left hand)
 w - an uncursed amulet of regeneration {unknown}
 A - a ring of protection from cold (right hand)
Wands
 l - a wand of paralysis (10)
 v - a wand of flame (15)
 x - a wand of clouds (4)
Scrolls
 e - 3 scrolls of fog
 i - a scroll of teleportation
 t - 3 scrolls of remove curse
 B - a scroll of fear {unknown}
 C - a scroll of magic mapping
 D - a scroll of torment {unknown}
 F - a scroll of acquirement {unknown}
Potions
 c - a potion of invisibility {unknown}
 g - a potion of curing {unknown}
 h - 8 potions of brilliance
 k - 2 potions of berserk rage
 p - 3 potions of flight {unknown}
 r - 2 potions of lignification {unknown}
 s - 2 potions of haste
 E - a potion of ambrosia {unknown}
Comestibles
 f - 3 rations


   Skills:
 - Level 6.0 Fighting
 + Level 9.0 Polearms
 + Level 13.7 Bows
 + Level 7.8 Armour
 - Level 1.3 Dodging
 - Level 0.4 Stealth


You had 10 spell levels left.
You didn't know any spells.

Dungeon Overview and Level Annotations

Branches:
Dungeon (9/15)             Temple (1/1) D:6            Lair (2/6) D:8
  Swamp: Lair:2-4    Shoals: Lair:2-4     Snake: Lair:2-4    Spider: Lair:2-4
    Orc: D:9-12

Altars:
Ashenzari
Cheibriados
Dithmenos
Elyvilon
Fedhas
Gozag
Hepliaklqana
Kikubaaqudgha
Makhleb
Nemelex Xobeh
Okawaru
Qazlal
Ru
Sif Muna
Trog
Uskayaw
Vehumet
Wu Jian
Xom
Yredelemnul
Zin
The Shining One

Shops:
D:5 %   D:9 [

Annotations:
D:5 Frisk's ghost, novice MiFi
D:8 2 transporters
D:9 Erolcha
Lair:1 exclusion: oklob plant
Lair:2 exclusion: 2 oklob plants


Innate Abilities, Weirdness & Mutations

You have hooves in place of feet.
Armour fits poorly on your strangely shaped body.
You cover ground very quickly.
You have extremely tough skin. (AC +3)


Message History

The black mamba is lightly wounded.
The black mamba bites you but does no damage.
The black mamba bites you!
You miss the black mamba.
The black mamba is lightly wounded.
The black mamba barely misses you.
You hit the black mamba.
The black mamba is moderately wounded.
The black mamba bites you! x2
* * * LOW HITPOINT WARNING * * *
The black mamba bites you!
* * * LOW HITPOINT WARNING * * *
You see here a flail.
The black mamba barely misses you. The black mamba bites you.
* * * LOW HITPOINT WARNING * * *
There is a stone staircase leading up, spattered with blood here.
There is a stone staircase leading up here.
The black mamba bites you!!
You die...

### ##PP....†#.P##
#.####............## #
##..................## #
#.....)...P..........#####
#......................P#.
##.......................#
#........>..........P....
##....................#...
#...P...<@S.<...P.(..#..#.
#....................#.P##
##........>..........#.P#
# #......(............#.P#


PP. #.............(..#..#.### .P...###........P..........#...#
PP.............................. ##.###.........#.#.#...#.)......
####....................... You could see a black mamba.

Vanquished Creatures
  A hydra (Lair:2)
  An oklob plant (Lair:2)
  An elephant (D:8)
  A black mamba (Lair:1)
  2 spiny frogs
  6 komodo dragons
  A troll (D:9)
  3 hippogriffs
  A wyvern (Lair:1)
  A basilisk (Lair:2)
  11 yaks
  3 water moccasins
  2 porcupines
  2 ice beasts
  2 black bears
  An orc warrior (D:6)
  7 ogres
  3 centaurs
  4 crocodiles
  A wyvern zombie (D:9)
  9 bullfrogs
  4 scorpions
  6 killer bees
  8 howler monkeys
  A crimson imp (D:6)
  A hound (D:6)
  A quasit (D:5)
  4 orc priests
  8 jellies
  3 orc wizards
  Crazy Yiuf (D:7)
  2 centaur skeletons
  Ijyb (D:3)
  5 iguanas
  3 worker ants
  2 hound zombies
  A worker ant zombie (D:8)
  Robin (D:1)
  A howler monkey zombie (D:5)
  10 adders
  6 gnolls
  A howler monkey skeleton (D:6)
  14 oozes
  An adder skeleton (D:5)
  2 worms
  5 dart slugs
  4 leopard geckos
  21 orcs
  7 giant cockroaches
  21 goblins
  7 hobgoblins
  7 jackals (D:5)
  4 quokkas
  2 ball pythons
  7 bats
  8 frilled lizards
  A jackal skeleton (D:7)
  7 kobolds
  2 leopard gecko skeletons
  4 rats
  A fungus (Lair:1)
  A plant (Lair:1)
259 creatures vanquished.

Vanquished Creatures (others)
  5 fungi (Lair:1)
  A plant (Lair:1)
6 creatures vanquished.

Grand Total: 265 creatures vanquished

Notes
Turn   | Place    | Note
-------+----------+-------------------------------------------
     0 | D:1      | Faca the Centaur Hunter began the quest for the Orb.
     0 | D:1      | Reached XP level 1. HP: 17/17 MP: 1/1
   166 | D:1      | Reached XP level 2. HP: 2/24 MP: 2/2
   829 | D:1      | Found a shimmering altar of Xom.
  1003 | D:1      | Reached skill level 1 in Armour
  1173 | D:1      | Reached XP level 3. HP: 25/30 MP: 3/3
  1533 | D:2      | Noticed an ogre
  1551 | D:2      | Killed an ogre
  1551 | D:2      | Reached skill level 6 in Bows
  1551 | D:2      | Reached XP level 4. HP: 32/38 MP: 4/4
  1701 | D:2      | Reached XP level 5. HP: 45/45 MP: 5/5
  1997 | D:2      | Noticed Robin
  2142 | D:1      | Killed Robin
  2787 | D:3      | Reached skill level 1 in Polearms
  2864 | D:3      | Noticed Ijyb
  2876 | D:3      | Paralysed by Ijyb for 2 turns
  2882 | D:3      | Killed Ijyb
  2882 | D:3      | Reached XP level 6. HP: 45/52 MP: 6/6
  3077 | D:3      | Reached skill level 7 in Bows
  4476 | D:4      | Reached XP level 7. HP: 38/60 MP: 7/7
  4804 | D:5      | Entered Level 5 of the Dungeon
  5440 | D:5      | Reached skill level 8 in Bows
  5761 | D:5      | Reached skill level 5 in Fighting
  5885 | D:5      | Noticed Frisk's ghost (novice MiFi)
  5944 | D:5      | Found Jeopnav's Food Emporium.
  6344 | D:6      | Reached XP level 8. HP: 64/68 MP: 8/8
  6667 | D:6      | Found a stormy altar of Qazlal.
  7006 | D:6      | Found a staircase to the Ecumenical Temple.
  7015 | Temple   | Entered the Ecumenical Temple
  7051 | Temple   | Became a worshipper of Warmaster Okawaru
  7524 | D:7      | Found a sparkling altar of Nemelex Xobeh.
  7805 | D:6      | Reached skill level 9 in Bows
  8464 | D:7      | Reached * piety under Okawaru
  8717 | D:7      | Found a runed door.
  8721 | D:7      | Noticed Crazy Yiuf
  8739 | D:7      | Killed Crazy Yiuf
  8761 | D:7      | Got an ancient mace
  8762 | D:7      | Identified the +11 mace "Pyarus" {speed, rElec Int+4} (You found it on level 7 of the Dungeon)
  8956 | D:7      | Reached XP level 9. HP: 75/75 MP: 9/9
  9298 | D:7      | Reached skill level 5 in Polearms
  9561 | D:8      | Reached skill level 10 in Bows
  9679 | D:8      | Reached ** piety under Okawaru
  9789 | D:8      | Reached skill level 5 in Armour
  9953 | D:8      | Noticed an elephant
 10018 | D:8      | Killed an elephant
 10242 | D:8      | Found a transporter.
 10323 | D:8      | Found a staircase to the Lair.
 10338 | D:8      | Reached skill level 11 in Bows
 10354 | D:8      | Reached *** piety under Okawaru
 10971 | D:9      | Noticed Erolcha
 10971 | D:9      | Noticed a two-headed ogre
 11230 | D:9      | Reached XP level 10. HP: 64/83 MP: 10/10
 11266 | D:9      | Found Fariklal's Armour Shoppe.
 11662 | D:9      | Found a flagged portal.
 11954 | D:8      | Found a transporter.
 12182 | D:8      | Noticed a two-headed ogre
 13391 | Lair:1   | Entered Level 1 of the Lair of Beasts
 13699 | Lair:1   | Received a gift from Okawaru
 13850 | D:8      | Received a gift from Okawaru
 13850 | D:8      | Reached skill level 12 in Bows
 14508 | Lair:1   | Reached **** piety under Okawaru
 15692 | Lair:1   | Noticed a spiny frog
 15709 | Lair:1   | Killed a spiny frog
 15709 | Lair:1   | Reached ***** piety under Okawaru
 15709 | Lair:1   | Reached skill level 13 in Bows
 15709 | Lair:1   | Reached XP level 11. HP: 64/89 MP: 11/11
 15999 | Lair:1   | Received a gift from Okawaru
 16028 | Lair:1   | Noticed an oklob plant
 16319 | Lair:2   | Noticed an oklob plant
 19085 | Lair:2   | Noticed an oklob plant
 19085 | Lair:2   | Noticed an oklob plant
 19178 | Lair:2   | Noticed a four-headed hydra
 19563 | Lair:2   | Killed an oklob plant
 19563 | Lair:2   | Received a gift from Okawaru
 20075 | Lair:2   | Killed a four-headed hydra
 20571 | Lair:2   | Mangled by a black mamba

Skill      XL: |  1  2  3  4  5  6  7  8  9 10 11 |
---------------+----------------------------------+-----
Armour         | 1 2 3 4 5 7 |  7.8
Fighting       | 3 4 5 6 |  6.0
Bows           | 6 7 8 9 11 13 | 13.7
Polearms       | 1 2 3 4 6 8 9 |  9.0
Dodging        | |  1.3
Stealth        | |  0.4

Action                   |  1- 3 |  4- 6 |  7- 9 | 10-12 || total
-------------------------+-------+-------+-------+-------++-------
Melee: Short sword       |   104 |    45 |       |       ||   149
       Kick              |    22 |    28 |    89 |   103 ||   242
       Trident           |       |   155 |   446 |   520 ||  1121
       Halberd           |       |       |    10 |       ||    10
       Mace              |       |       |       |     3 ||     3
 Fire: Shortbow          |     8 |       |       |    36 ||    44
       Longbow           |       |       |       |    13 ||    13
Invok: Heroism           |       |       |     1 |     3 ||     4
  Use: Scroll            |     1 |     4 |     9 |     4 ||    18
       Potion            |       |       |     2 |     3 ||     5
  Eat: Chunk             |     2 |     2 |     3 |     4 ||    11
       Ration            |       |     2 |     5 |     7 ||    14
Armor: Leather armour    |    46 |       |     6 |   203 ||   255
       Ring mail         |     7 |   120 |   142 |       ||   269
Dodge: Dodged            |    61 |    75 |   181 |   133 ||   450
